 Dungeon Crawl Stone Soup version 0.30-a0-1164-ge08a67761e (webtiles) character file.

Game seed: 39753691117615339

563199 Zonian the Brawler (level 26, -1/143 (145) HPs)
             Began as a Vine Stalker Gladiator on Apr 26, 2023.
             Was a High Priest of Jiyva.
             Killed from afar by a hellion (20 damage)
             ... with damnation
             ... in the Vestibule of Hell on Apr 29, 2023.
             The game lasted 04:10:01 (62766 turns).

Zonian the Brawler (Vine Stalker Gladiator)        Turns: 62766, Time: 04:10:10

HP:   -1/143 (145)  AC: 36    Str: 31 (34) XL:     26   Next: 9%
MP:   0/46          EV: 17    Int: 13      God:    Jiyva [*****.]
Gold: 3239          SH: 16    Dex: 15 (16) Spells: 56/61 levels left

rFire   + +          .
                       - Unarmed
rCold   + + +        I - +3 kite shield {reflect}
rNeg    . . .        V - +3 plate armour {rF+}
rPois   +            (helmet restricted)
rElec   +            D - +1 cloak
rCorr   +            F - +1 pair of gloves
SInv    .            U - +2 pair of boots {Fly}
Will    ++++.        s - amulet of the acrobat
Stlth   +++          S - ring of the Salmon {rF+ Str+5 Dex-5 Slay+2}
HPRegen 2.67/turn    A - ring "Gili" {rC++ Str+2 Int+6}
MPRegen 0.75/turn

%: reflection, acrobat, clarity, guardian spirit
@: calling ooze, flying, lightly drained
A: fangs 3, regeneration 1, magic shield, antimagic bite, no potion heal 2,
claws 1, horns 2, iridescent scales 3, agile 1, clarity, cold resistance 1,
strong-willed 1, poison resistance, electricity resistance, gelatinous body 3,
translucent skin 3, jelly absorbing missiles, MP-powered wands
}: 4/15 runes: serpentine, barnacled, slimy, silver
a: Renounce Religion, Oozemancy, Slimify


You were in the Vestibule of Hell.
You worshipped Jiyva.
Jiyva was extremely pleased with you.
You visited 11 branches of the dungeon, and saw 51 of its levels.
You visited the Abyss 1 time.
You visited 1 bazaar.
You also visited: Sewer, Bailey and Ice Cave.

You collected 5337 gold pieces.
You spent 2098 gold pieces at shops.

Inventory:

Missiles
 c - 12 silver javelins
 d - 15 curare-tipped darts
 O - 12 javelins
 P - 3 boomerangs of dispersal
 R - 6 silver boomerangs
 Z - 7 boomerangs (quivered)
Armour
 p - the +1 helmet of Plog {rElec Will+ SInv}
   (You found it on level 12 of the Dungeon)

   rElec:     It insulates you from electricity.
   SInv:      It lets you see invisible.
   Will:      It increases your willpower.
 z - the +3 Mad Mage's Maulers {Infuse+∞ VampMP -Cast}
   (You found it on level 1 of the Snake Pit)

   Infuse+∞: It empowers its wearer's blows with all of their magic.
   VampMP:    Blows struck in melee replenish the wearer's magic.
   -Cast:     It prevents spellcasting.
 D - a +1 cloak (worn)
 F - a +1 pair of gloves (worn)
 I - a +3 kite shield of reflection (worn)
 U - a +2 pair of boots of flying (worn)
 V - a +3 plate armour of fire resistance (worn)
 W - a +3 plate armour of cold resistance
Jewellery
 e - the ring of Ashenzari's Supremacy {Ice Drain rElec rN+++ Int+4}
   (You took it off Josephina on level 1 of the Crypt)

   [ring of ice]

   It enhances your ice magic.
   Int:       It affects your intelligence (+4).
   rF:        It makes you vulnerable to fire.
   rC:        It protects you from cold.
   rElec:     It insulates you from electricity.
   rN:        It renders you almost immune to negative energy.
   Drain:     It drains your maximum health when unequipped.
 l - an amulet of reflection
 s - an amulet of the acrobat (around neck)
 y - the ring "Udithriuf" {rC+ Will++ MP+9 Dex-4 Slay+2}
   (You found it on level 1 of the Crypt)

   [ring of magical power]

   Dex:       It affects your dexterity (-4).
   Slay:      It affects your accuracy & damage with ranged weapons and melee
   (+2).
   rC:        It protects you from cold.
   MP:        It affects your magic capacity (+9).
   Will:      It greatly increases your willpower.
 A - the ring "Gili" (right hand) {rC++ Str+2 Int+6}
   (You took it off a deep elf death mage on level 3 of the Elven Halls)

   [ring of intelligence]

   Str:       It affects your strength (+2).
   Int:       It affects your intelligence (+6).
   rC:        It greatly protects you from cold.
 C - a +5 ring of evasion
 E - the ring "Nyguus" {rN+ Will+ Slay+2 SInv}
   (You took it off a mummy priest on level 3 of the Crypt)

   [ring of positive energy]

   Slay:      It affects your accuracy & damage with ranged weapons and melee
   (+2).
   rN:        It protects you from negative energy.
   SInv:      It lets you see invisible.
   Will:      It increases your willpower.
 S - the ring of the Salmon (left hand) {rF+ Str+5 Dex-5 Slay+2}
   (You took it off a vampire on level 10 of the Dungeon)

   [ring of protection from fire]

   Str:       It affects your strength (+5).
   Dex:       It affects your dexterity (-5).
   Slay:      It affects your accuracy & damage with ranged weapons and melee
   (+2).
   rF:        It protects you from fire.
Wands
 a - a wand of digging (7)
 b - a wand of iceblast (11)
 f - a wand of flame (48)
 H - a wand of mindburst (67)
 L - a wand of light (13)
Scrolls
 i - 5 scrolls of poison
 r - 3 scrolls of identify
 t - 15 scrolls of teleportation
 x - a scroll of torment
 K - 3 scrolls of fear
 Q - 2 scrolls of enchant armour
 Y - 3 scrolls of fog
Potions
 g - 10 potions of brilliance
 h - 6 potions of flight
 k - 6 potions of lignification
 m - 3 potions of berserk rage
 n - 5 potions of invisibility
 u - 5 potions of haste
 v - 5 potions of cancellation
 w - 14 potions of curing
 B - 8 potions of mutation
 G - 7 potions of resistance
 M - 7 potions of ambrosia
 T - 2 potions of might
 X - 4 potions of magic
Miscellaneous
 j - a phial of floods
 o - a lightning rod (4/4)
 N - a condenser vane (inert)


   Skills:
 - Level 17.0 Fighting
 - Level 12.0 Throwing
 - Level 12.0 Armour
 - Level 14.0 Dodging
 - Level 16.1 Stealth
 - Level 14.0 Shields
 - Level 20.3 Unarmed Combat
 - Level 18.0 Spellcasting
 + Level 6.0 Hexes
 - Level 10.0 Translocations
 - Level 12.0 Evocations


You had 56 spell levels left.
You knew the following spells:

 Your Spells              Type           Power      Damage    Failure   Level
a - Blink                 Tloc           74%        N/A       1%          2
b - Portal Projectile     Hex/Tloc       64%        N/A       4%          3

Your spell library contained the following spells:

 Spells                   Type           Power      Damage    Failure   Level
 Apportation              Tloc           74%        N/A       1%          1
 Lesser Beckoning         Tloc           74%        N/A       1%          2
 Gell's Gravitas          Tloc           37%        N/A       1%          3
 Teleport Other           Tloc           37%        N/A       1%          3
 Slow                     Hex            100%       N/A       3%          1
 Passage of Golubria      Tloc           37%        N/A       7%          4
 Momentum Strike          Conj/Tloc      48%        3d9       9%          2
 Confusing Touch          Hex            27%        N/A       11%         3
 Tukima's Dance           Hex            27%        N/A       11%         3
 Vhi's Electric Charge    Tloc/Air       48%        N/A       16%         3
 Volatile Blastmotes      Fire/Tloc      48%        2d14      16%         3
 Cause Fear               Hex            13%        N/A       34%         4
 Dazzling Flash           Conj/Hex       38%        N/A       36%         3
 Inner Flame              Hex/Fire       19%        N/A       36%         3
 Beastly Appendage        Tmut           22%        N/A       38%         1
 Magic Dart               Conj           44%        1d5       38%         1
 Necrotise                Necr           44%        1d6       38%         1
 Sandblast                Erth           22%        2d7       38%         1
 Sting                    Tmut/Pois      44%        1d5       38%         1
 Summon Small Mammal      Summ           44%        N/A       38%         1
 Iskenderun's Mystic Bla  Conj/Tloc      24%        2d7       47%         4
 Cigotuvi's Dreadful Rot  Necr/Pois/Air  22%        N/A       54%         2
 Passwall                 Tmut/Erth      9%         N/A       54%         2
 Searing Ray              Conj           22%        2d5       54%         2
 Static Discharge         Conj/Air       22%        2-3/arc   54%         2
 Sublimation of Blood     Necr           11%        N/A       54%         2
 Wereblood                Tmut           11%        N/A       54%         2
 Dispersal                Tloc           18%        N/A       71%         6
 Ignite Poison            Fire/Tmut/Pois 11%        N/A       77%         3
 Spider Form              Tmut/Pois      11%        N/A       77%         3
 Stone Arrow              Conj/Erth      22%        3d8       77%         3
 Vampiric Draining        Necr           11%        2d6       77%         3
 Fulminant Prism          Conj/Hex       9%         3d6       77%         4
 Leda's Liquefaction      Hex/Erth       9%         N/A       77%         4
 Summon Forest            Summ/Tloc      12%        N/A       83%         5
 Metabolic Englaciation   Hex/Ice        9%         N/A       98%         5
 Silence                  Hex/Air        9%         N/A       98%         5
 Summon Mana Viper        Hex/Summ       19%        N/A       98%         5
 Yara's Violent Unravell  Hex/Tmut       9%         3d6       98%         5
 Animate Armour           Summ/Erth      22%        N/A       99%         4
 Animate Dead             Necr           11%        N/A       99%         4
 Flame Wave               Conj/Fire      11%        2d6       99%         4
 Olgreb's Toxic Radiance  Pois           11%        N/A       99%         4
 Petrify                  Tmut/Erth      11%        N/A       99%         4
 Sticky Flame             Conj/Fire      11%        2d3       99%         4
 Arcjolt                  Conj/Air       5%         1d15      100%        5
 Blade Hands              Tmut           5%         N/A       100%        5
 Borgnjor's Vile Clutch   Necr/Erth      5%         N/A       100%        5
 Fireball                 Conj/Fire      5%         3d5       100%        5
 Freezing Cloud           Conj/Ice/Air   5%         6-21      100%        5
 Irradiate                Conj/Tmut      5%         3d13      100%        5
 Iskenderun's Battlesphe  Conj           11%        2d7       100%        5
 Lee's Rapid Deconstruct  Erth           5%         3d6*      100%        5
 Conjure Ball Lightning   Conj/Air       5%         3x3d6     100%        6
 Death Channel            Necr           5%         N/A       100%        6
 Iron Shot                Conj/Erth      5%         9d2       100%        6
 Plasma Beam              Fire/Air       5%         2x1d17    100%        6
 Simulacrum               Ice/Necr       5%         N/A       100%        6
 Starburst                Conj/Fire      5%         6d4       100%        6
 Statue Form              Tmut/Erth      7%         N/A       100%        6
 Summon Cactus Giant      Summ           5%         N/A       100%        6
 Dragon Form              Tmut           5%         N/A       100%        7
 Enfeeble                 Hex            13%        N/A       100%        7
 Haunt                    Necr/Summ      5%         N/A       100%        7
 Orb of Destruction       Conj           5%         9d5       100%        7
 Ozocubu's Refrigeration  Ice            5%         4d8       100%        7
 Storm Form               Tmut/Air       5%         N/A       100%        7
 Lehudib's Crystal Spear  Conj/Erth      5%         10d3      100%        8
 Chain Lightning          Conj/Air       5%         3d7       100%        9
 Dragon's Call            Summ           5%         N/A       100%        9
 Polar Vortex             Ice            5%         N/A       100%        9


Dungeon Overview and Level Annotations

Branches:
Dungeon (15/15)            Temple (0/1) D:6            Lair (5/5) D:8
 Shoals (4/4) Lair:2        Snake (4/4) Lair:3        Slime (5/5) Lair:5
    Orc (2/2) D:9             Elf (3/3) Orc:2        Vaults (5/5) D:14
  Crypt (3/3) Vaults:2       Tomb (0/3) Crypt:3      Depths (4/4) D:15
   Hell (1/1)                 Zot (0/5) Depths:4      Sewer (visited)
 Bailey (visited)           IceCv (visited)
    Dis: Hell:1         Geh: Hell:1         Coc: Hell:1         Tar: Hell:1

Altars:
Dithmenos
Elyvilon
Fedhas
Kikubaaqudgha
Nemelex Xobeh
Trog
Wu Jian
Yredelemnul
The Shining One
Jiyva

Shops:
D:9 :   D:10 (   Orc:1 ([   Orc:2 :(*[   Elf:1 [   Snake:2 (   Vaults:1 =
Vaults:2 *   Depths:2 *[=:   Depths:3 =::

Portals:
Hell: Depths:1 Depths:2 Depths:3 Depths:4
Abyss: Depths:2 Depths:3
Pandemonium: Depths:1 Depths:2 Depths:4
Ziggurat: Depths:2

Annotations:
D:2 Sigmund
D:10 1 runed translucent door
Slime:5 Royal Jelly
Vaults:3 1 runed translucent door, Unforgiven's ghost, veteran GrFi
Depths:4 Mennas
Hell Geryon


Innate Abilities, Weirdness & Mutations

You have razor-sharp teeth.
Your natural rate of healing is unusually fast.
When hurt, damage is shared between your health and your magic reserves.
Your bite disrupts and absorbs the magic of your enemies.
Potions cannot restore your health.
You have sharp fingernails.
You have a pair of horns on your head.
You are completely covered in iridescent scales. (AC +6)
You are agile. (Dex +4, Str/Int -1)
You possess an exceptional clarity of mind.
Your flesh is cold resistant. (rC+)
You are strong-willed. (Will+)
Your system is resistant to poisons. (rPois)
You are resistant to electric shocks. (rElec)
Your gelatinous body deflects attacks. (AC +3, EV +3)
Your transparent skin significantly reduces your foes' accuracy. (Stealth+)
You have a small jelly attached to you that may absorb projectiles.
You expend magic power (3 MP) to strengthen your wands.


Message History

* * * LOW HITPOINT WARNING * * *
You block the reaper's attack.
The walls burn the rust devil!
The walls burn Geryon!
Your Hexes skill increases to level 6!
The sun demon attacks as you move away! You block the sun demon's attack.
The hell beast attacks as you move away!
The hell beast bites you but does no damage.
You block the hell beast's attack.
The wall burns the hell knight!
The walls burn the hell beast!
The wall burns the hell knight!
The walls burn the hellion!
The walls burn the sun demon!
The walls burn something!
The walls melt the bunyip simulacrum!
The wall burns the sun demon!
The walls burn the hell beast!
The wall burns the hell knight!
The walls burn the hell knight!
The hell knight completely misses you.
The walls burn Geryon!
The walls burn the reaper!
The reaper completely misses you.
Okay, then.
Blink to where?
Press: ? - help, Dir - move target An iron dragon skeleton comes into view.
As you read the scroll of blinking, it crumbles to dust.
The walls burn the hell beast!
The wall burns the hell knight!
The wall burns the hellion!
You block the hell beast's attack. The hell beast closely misses you.
The walls melt the bunyip simulacrum!
The walls burn the sun demon!
The walls burn the hell knight!
The wall burns the hell beast!
The hellion misses you.
The hell knight hits you with a +0 heavy demon blade!!
* * * LOW HITPOINT WARNING * * *
The walls burn the reaper!
The walls burn Geryon!
Geryon winds a great silver horn.
The walls burn the rust devil!
The iron dragon skeleton moves out of view.
Okay, then.
Blink to where?
Press: ? - help, Dir - move target An elemental wellspring comes into view.
As you read the scroll of blinking, it crumbles to dust.
The wall burns the hell knight!
The wall burns the hell beast!
The hellion gestures at you.
The sphere of damnation explodes!
The damnation engulfs you!!
You die...

...............
............... ....
...............
.3.....................
........................
....)Z. . ..............
....... .#.#.#..........
§......##.....##@.......
......#.........#......≈
......#..)#.#...#.....≈≈
.....#..☼........#...≈≈≈
§≈....24#.2.∩.#.....~~.≈
§≈..Z#..&22......#.~~~~.
≈....§..#Zp2..#... ~~~~~
§.3.2#23...p.....# ~~≈E~
...23p#...#.#...#..


You could see 3 hell beasts, 2 hell knights, an elemental wellspring
(wandering), a hellion and a bunyip simulacrum.

Vanquished Creatures
  An ancient lich (Abyss:2)
  Khufu (Crypt:1)
  Mara (Depths:2)
  4 royal mummies
  Josephina (Crypt:1)
  Sojobo (Depths:1)
  Boris (twice) (Depths:4 Crypt:2)
  Frederick (Crypt:3)
  Saint Roka (Elf:3)
  Vashnia (Snake:3)
  A golden dragon (Vaults:5)
  Jory (Vaults:4)
  A bone dragon (Crypt:3)
  4 tentacled monstrosities
  An Ice Fiend (IceCv)
  6 liches
  2 deep elf blademasters
  2 deep elf master archers (Elf:3)
  A titan (Vaults:5)
  3 quicksilver dragons
  The ghost of barkas the Imperceptible, an adept NaVM of Cheibriados (Shoals:4)
  Agnes (Elf:1)
  9 ancient champions
  11 tengu reavers
  3 tentacled starspawn (Abyss:2)
  6 sphinxes
  3 shadow dragons
  2 storm dragons
  5 nagarajas (Snake:4)
  Roxanne (Shoals:1)
  The ghost of pdpol the Covert, a journeyman NaFE of Ashenzari (Snake:1)
  Donald (Vaults:1)
  15 vault wardens
  7 deep elf sorcerers
  A draconian knight (Depths:4)
  10 frost giants
  A draconian scorcher (Depths:4)
  4 fire giants
  2 iron dragons
  Aizul (Snake:3)
  The ghost of 13Fox the Marksdemonspawn, a journeyman DsHu of Fedhas (Snake:3)
  2 ghouls
  2 curse skulls
  2 reapers
  4 deep elf elementalists (Elf:3)
  An orc warlord (Vaults:1)
  Louise (Depths:2)
  2 spriggan defenders
  A caustic shrike skeleton (Crypt:2)
  A draconian annihilator (Depths:4)
  2 war gargoyles
  20 ironbound preservers
  9 stone giants
  19 very ugly things
  The ghost of Veluwn the Stormcaller, a journeyman MeWn of Gozag (Shoals:3)
  7 ironbound thunderhulks
  9 vampire knights
  6 deep elf demonologists (Elf:3)
  A black draconian (Depths:4)
  The ghost of Fagh the Fighter, a journeyman DsCK of Xom (Lair:4)
  A yellow draconian (Depths:4)
  2 dire elephants (Vaults:2)
  8 deep elf annihilators
  3 purple draconians (Depths:4)
  A white draconian (Depths:4)
  4 spark wasps (Depths:3)
  7 deep elf death magi
  8 eidola
  5 merfolk javelineers
  2 crystal guardians (Vaults:1)
  10 yaktaur captains
  7 fire dragons
  11 merfolk impalers
  2 mummy priests (Crypt:3)
  11 ettins
  4 hydras
  6 deep elf high priests
  2 peacekeepers
  8 ice dragons
  3 caustic shrike simulacra
  2 ogre magi (Vaults:5)
  2 salamander tyrants
  42 vault guards
  2 rakshasas
  7 spriggan air magi
  16 jiangshi
  A spriggan skeleton (Crypt:3)
  8 centaur warriors
  2 alligator snapping turtles
  5 anacondas
  5 boulder beetles
  5 merfolk avatars
  11 ironbound frosthearts
  28 dancing weapons
  4 deep troll earth magi
  4 death knights
  6 tengu warriors
  The ghost of Palms the Slicer, a journeyman KoDe of Cheibriados (D:10)
  6 death yaks (Lair:5)
  8 vampire magi
  16 naga warriors
  A satyr (Shoals:3)
  3 two-headed ogres
  2 thrashing horrors (Abyss:2)
  A merfolk aquamancer (Shoals:4)
  5 deep troll shamans
  5 hell knights
  4 soul eaters
  A wretched star (Abyss:2)
  7 spriggan berserkers
  11 shock serpents
  Nergalle (Orc:2)
  Sonja (Lair:2)
  An orc high priest (Orc:2)
  4 sun demons
  19 deep elf knights
  17 naga sharpshooters
  3 sixfirhies
  4 skysharks
  24 skeletal warriors
  4 iron trolls
  6 salamander mystics
  A bunyip zombie (Crypt:2)
  11 sea snakes
  An elf simulacrum (Crypt:1)
  5 flayed ghosts
  Lodul (D:13)
  9 spriggan simulacra
  2 spark wasp zombies (Crypt:1)
  An anaconda zombie (Crypt:3)
  59 deep trolls
  9 wizards
  2 bog bodies
  17 deep elf archers
  18 ironbound convokers
  6 naga ritualists
  An obsidian statue (IceCv)
  8 orc knights
  3 lindwurms (Vaults:2)
  2 orc sorcerers
  10 phantasmal warriors
  4 harpies (Shoals:4)
  5 necromancers
  The ghost of avis the Trooper, a novice DgTm (D:7)
  29 deep elf zephyrmancers
  An anaconda skeleton (Crypt:3)
  15 deep elf pyromancers
  An eleionoma zombie (Crypt:2)
  A jorogumo zombie (Crypt:3)
  10 mana vipers
  45 ugly things
  A stone giant zombie (Vaults:3)
  An oklob plant (Lair:3)
  12 manticores
  8 fauns
  10 cyclopes
  18 salamanders
  37 black mambas
  15 elephants
  6 merfolk sirens
  3 guardian serpents
  A dire elephant zombie (Crypt:3)
  Maurice (D:8)
  A moth of wrath (shapeshifter) (Vaults:2)
  20 naga magi
  2 moths of wrath (Shoals:3)
  17 vault sentinels
  Joseph (D:7)
  A rust devil (D:10)
  A naga zombie (Crypt:2)
  A smoke demon (Abyss:2)
  2 storm dragon simulacra
  8 cane toads
  2 gargoyles
  4 water nymphs
  4 kobold demonologists
  3 rime drakes
  28 yaktaurs
  9 freezing wraiths
  9 komodo dragons
  5 tengu conjurers
  8 guardian mummies (Crypt:3)
  A death yak skeleton (Crypt:3)
  2 dire elephant skeletons
  A golden dragon simulacrum (IceCv)
  2 anaconda simulacra
  2 burning bushes (Lair:3)
  7 trolls
  A sea snake skeleton (Crypt:3)
  12 ice devils
  A tormentor (Abyss:2)
  9 wind drakes
  5 red devils
  A harpy skeleton (Crypt:3)
  17 merfolk
  4 hellwings (D:10)
  10 polar bears
  A hornet (shapeshifter) (Elf:1)
  A hydra skeleton (Crypt:2)
  5 hornets (Lair:5)
  5 large abominations (Abyss:2)
  An ettin zombie (Crypt:2)
  2 meliai zombies (Crypt:3)
  A dream sheep (shapeshifter) (Vaults:5)
  2 fire dragon zombies
  29 blink frogs
  2 raiju (Abyss:2)
  8 dream sheep
  10 snapping turtles
  A guardian serpent skeleton (Crypt:1)
  An air elemental (Elf:1)
  11 flying skulls
  16 water elementals
  5 centaur simulacra
  14 spriggans (Lair:5)
  A shadow (D:10)
  7 wraiths
  3 ynoxinuls (Abyss:2)
  2 wyverns
  4 fire elementals
  7 vampires
  A dire elephant simulacrum (Crypt:3)
  2 fire bats (Abyss:2)
  62 yaks
  An ushabti (Crypt:3)
  3 basilisks
  A steam dragon (Lair:4)
  Eustachio (D:6)
  11 minotaur simulacra (IceCv)
  Menkaure (D:4)
  11 vampire mosquitoes
  3 wargs
  3 harpy simulacra
  A hydra simulacrum (IceCv)
  3 acid dragons
  44 nagas
  A water nymph zombie (Crypt:1)
  19 water moccasins
  5 hell hounds (Abyss:2)
  A cane toad skeleton (Crypt:2)
  A meliai simulacrum (D:15)
  33 orc warriors
  An alligator simulacrum (IceCv)
  4 black bears
  16 ogres
  3 ice beasts
  2 ettin simulacra
  2 sky beasts
  3 boggarts (Lair:5)
  A black mamba simulacrum (Crypt:2)
  A hog zombie (Crypt:2)
  38 wolves
  12 centaurs
  A rime drake zombie (Crypt:1)
  A phantom (D:7)
  A torpor snail zombie (Crypt:1)
  14 bullfrogs
  A komodo dragon skeleton (Crypt:3)
  3 small abominations (Abyss:2)
  A necrophage (Crypt:1)
  An earth elemental (Elf:3)
  3 scorpions
  A naga simulacrum (Crypt:2)
  7 deep troll simulacra (IceCv)
  A gnoll sergeant (D:7)
  5 wights (D:9)
  A warg skeleton (Crypt:3)
  2 vampire bats (Lair:4)
  4 lindwurm simulacra (IceCv)
  5 quasits
  21 orc priests
  5 hounds
  Crazy Yiuf (D:6)
  4 jellies (Sewer)
  An iron imp (Abyss:2)
  Jessica (D:3)
  A basilisk skeleton (Crypt:2)
  2 iguanas
  17 orc wizards
  4 hell rats (Depths:1)
  A deep dwarf skeleton (Crypt:3)
  7 mummies (Crypt:3)
  13 gnolls
  3 river rats (Sewer)
  13 adders
  2 shadow imps
  3 white imps
  2 ufetubi
  2 iguana zombies
  A jelly zombie (Crypt:3)
  An iguana skeleton (Crypt:1)
  3 worms
  A dart slug (D:4)
  70 orcs
  13 bats
  9 endoplasms
  10 giant cockroaches
  12 goblins
  7 hobgoblins
  5 quokkas
  8 ball pythons
  A ball python skeleton (Crypt:2)
  5 frilled lizards
  A frilled lizard skeleton (Crypt:2)
  5 kobolds
  8 rats
1960 creatures vanquished.

Vanquished Creatures (collateral kills)
  Jorgrun (D:13)
  A nagaraja (Snake:4)
  An orc warlord (Orc:2)
  A deep elf demonologist (Elf:1)
  2 deep elf annihilators
  A deep elf death mage (Elf:3)
  A crystal guardian (Vaults:3)
  A hydra (D:13)
  A boulder beetle (D:13)
  Urug (Orc:2)
  A salamander mystic (Snake:1)
  A deep elf pyromancer (Elf:1)
  An ugly thing (D:12)
  A naga mage (Snake:1)
  A yak (D:12)
  A naga (Snake:1)
  An orc warrior (Orc:2)
  An orc wizard (D:12)
  An orc (Orc:2)
20 creatures vanquished.

Vanquished Creatures (others)
  An acid blob (D:12)
  A quicksilver ooze (shapeshifter) (Depths:2)
  An ironbound preserver (Vaults:1)
  An ironbound thunderhulk (Vaults:2)
  4 great orbs of eyes
  2 yaktaur captains (Vaults:3)
  A vault guard (D:14)
  A peacekeeper (Vaults:3)
  A merfolk avatar (Shoals:2)
  A dancing weapon (Elf:2)
  A boulder beetle (D:14)
  A spriggan (Lair:5)
  A deep elf knight (Elf:3)
  2 skeletal warriors (D:12)
  A salamander mystic (Snake:1)
  A glowing orange brain (Depths:4)
  A swamp dragon (shapeshifter) (Vaults:5)
  A deep troll (Vaults:4)
  A naga ritualist (Snake:3)
  A phantasmal warrior (Vaults:5)
  2 wizards
  2 deep elf pyromancers (D:14)
  2 deep elf zephyrmancers (Elf:1)
  A shining eye (shapeshifter) (Vaults:3)
  2 necromancers
  An eye of devastation (Abyss:2)
  A stone giant skeleton (Vaults:3)
  2 yaktaurs (Vaults:3)
  A human skeleton (Vaults:3)
  A tengu conjurer (Depths:3)
  An elf skeleton (Vaults:3)
  A hornet (Lair:5)
  3 red devils (D:14)
  8 blink frogs
  2 floating eyes (Depths:4)
  A culicivora (shapeshifter) (Vaults:5)
  35 slime creatures
  A yak (Lair:2)
  A wraith (D:12)
  2 basilisks
  A warg (Orc:2)
  A naga (Snake:3)
  A black bear (Lair:5)
  An orc warrior (Orc:1)
  A wolf (Lair:5)
  A centaur (D:6)
  2 bullfrogs
  A shapeshifter skeleton (Crypt:1)
  370 jellies
  5 orc priests
  A jelly (shapeshifter) (Elf:1)
  An iguana (D:5)
  A sleepcap (D:5)
  3 orc wizards
  3 gnolls (Bailey)
  2 adders
  3 ufetubi
  14 orcs
  3 training dummies (Orc:1)
  A ball python (Sewer)
  6 demonic plants (D:10)
  162 fungi
  304 plants
  2 starspawn tentacles (Abyss:2)
985 creatures vanquished.

Grand Total: 2965 creatures vanquished

Notes
Turn   | Place    | Note
-------+----------+-------------------------------------------
     0 | D:1      | Zonian the Vine Stalker Gladiator began the quest for the
                  | Orb.
     0 | D:1      | Reached XP level 1. HP: 11/11 MP: 2/2
   167 | D:1      | Reached XP level 2. HP: 2/15 MP: 1/3
  1105 | D:2      | Reached XP level 3. HP: 14/18 MP: 4/4
  1357 | D:2      | Noticed Sigmund
  1667 | D:2      | Gained mutation: Your natural rate of healing is unusually
                  | fast. [Vine Stalker growth]
  1667 | D:2      | Reached XP level 4. HP: 23/23 MP: 5/5
  1825 | D:3      | Noticed Jessica
  1836 | D:3      | Killed Jessica
  2268 | D:3      | Identified the +4 ring mail of the Komodo Dragon {+Blink
                  | rF- Str+5}
  2329 | D:3      | Reached XP level 5. HP: 27/27 MP: 6/6
  3107 | D:4      | Noticed Menkaure
  3121 | D:4      | Reached skill level 1 in Stealth
  3128 | D:4      | Killed Menkaure
  3129 | D:4      | Reached skill level 4 in Unarmed Combat
  3129 | D:4      | Reached XP level 6. HP: 29/32 MP: 7/7
  3486 | D:5      | Entered Level 5 of the Dungeon
  3546 | D:5      | Noticed an ice beast
  3581 | D:5      | Found a glowing drain.
  3591 | Sewer    | Entered a sewer
  3775 | Sewer    | Reached XP level 7. HP: 36/36 MP: 8/8
  3873 | Sewer    | Found a viscous altar of Jiyva.
  3891 | Sewer    | Became a worshipper of Jiyva Joxkyg the Shapeless
  4076 | D:5      | Reached skill level 5 in Unarmed Combat
  4284 | D:5      | Gained mutation: You have razor-sharp teeth. [Vine Stalker
                  | growth]
  4284 | D:5      | Reached XP level 8. HP: 42/42 MP: 9/9
  4466 | D:6      | Reached skill level 5 in Stealth
  4567 | D:6      | Found a staircase to the Ecumenical Temple.
  4643 | D:6      | Found a runed translucent door.
  4644 | D:6      | Noticed Crazy Yiuf
  4667 | D:6      | Reached * piety under Jiyva
  4809 | D:6      | Noticed Eustachio
  4842 | D:6      | Killed Eustachio
  4843 | D:6      | Reached skill level 5 in Fighting
  4952 | D:6      | Reached skill level 6 in Unarmed Combat
  5157 | D:6      | Killed Crazy Yiuf
  5238 | D:7      | Found a flagged portal.
  5270 | D:7      | Noticed Joseph
  5273 | Bailey   | Entered a bailey
  5325 | Bailey   | Reached XP level 9. HP: 48/48 MP: 10/10
  5431 | Bailey   | Reached ** piety under Jiyva
  5431 | Bailey   | Noticed an orc knight
  5452 | Bailey   | Killed an orc knight
  5622 | D:7      | Killed Joseph
  5623 | D:7      | Reached skill level 7 in Unarmed Combat
  6374 | D:7      | Noticed avis's ghost (novice DgTm)
  6374 | D:7      | Identified the +4 dire flail of Recklessness {drain, rN+
                  | Will+ Str-3}
  6375 | D:7      | Found a transporter.
  6381 | D:7      | Found a transporter.
  6466 | D:8      | Reached *** piety under Jiyva
  6476 | D:8      | Noticed a komodo dragon
  6509 | D:8      | Killed a komodo dragon
  6510 | D:8      | Reached skill level 8 in Unarmed Combat
  6510 | D:8      | Reached XP level 10. HP: 20/57 MP: 5/11
  6781 | D:8      | Found a staircase to the Lair.
  6920 | D:8      | Noticed a cyclops
  7195 | Lair:1   | Entered Level 1 of the Lair of Beasts
  7212 | Lair:1   | Gained mutation: You are partially covered in iridescent
                  | scales. (AC +2) [Jiyva's grace]
  7212 | Lair:1   | Gained mutation: You are mostly covered in iridescent
                  | scales. (AC +4) [Jiyva's grace]
  7212 | Lair:1   | Gained mutation: You are completely covered in iridescent
                  | scales. (AC +6) [Jiyva's grace]
  7212 | Lair:1   | Gained mutation: You have hidden genetic potential.
                  | [Jiyva's grace]
  7223 | Lair:1   | Noticed an elephant
  7325 | Lair:1   | Noticed an elephant
  7339 | Lair:1   | Killed an elephant
  7342 | Lair:1   | Noticed an elephant
  7344 | Lair:1   | Noticed a black mamba
  7351 | Lair:1   | Noticed an elephant
  7355 | Lair:1   | Noticed an elephant
  7358 | Lair:1   | Killed a black mamba
  7359 | Lair:1   | Reached skill level 10 in Stealth
  7364 | Lair:1   | Noticed an elephant
  7576 | Lair:1   | Noticed a black mamba
  7584 | Lair:1   | Killed a black mamba
  7585 | Lair:1   | Reached skill level 10 in Fighting
  7655 | Lair:1   | Reached skill level 9 in Unarmed Combat
  7655 | Lair:1   | Reached skill level 1 in Spellcasting
  8007 | Lair:1   | Reached **** piety under Jiyva
  8165 | Lair:1   | Reached XP level 11. HP: 64/64 MP: 16/16
  8177 | Lair:1   | Gained mutation: Your movements are slightly less
                  | encumbered by armour. (ER -2) [hidden potential]
  8744 | Lair:2   | Reached skill level 10 in Unarmed Combat
  8967 | Lair:2   | Found a staircase to the Shoals.
  9107 | Lair:2   | Noticed a boulder beetle
  9117 | Lair:2   | Killed a boulder beetle
  9118 | Lair:2   | Reached skill level 5 in Spellcasting
  9259 | Lair:2   | Noticed Sonja
  9344 | Lair:2   | Killed Sonja
  9501 | Lair:2   | Reached XP level 12. HP: 69/71 MP: 18/21
  9549 | Lair:2   | Gained mutation: You have a pair of small antennae on your
                  | head. [hidden potential]
  9549 | Lair:2   | Lost mutation: You have hidden genetic potential. [hidden
                  | potential expressed]
  9866 | Lair:2   | Lost mutation: You have a pair of small antennae on your
                  | head. [Jiyva's grace]
  9866 | Lair:2   | Lost mutation: You are completely covered in iridescent
                  | scales. (AC +6) [Jiyva's grace]
  9866 | Lair:2   | Lost mutation: Your movements are slightly less encumbered
                  | by armour. (ER -2) [Jiyva's grace]
  9866 | Lair:2   | Gained mutation: Your spells are a little harder to cast,
                  | but a little more powerful. [Jiyva's grace]
  9866 | Lair:2   | Gained mutation: Your spells are harder to cast, but more
                  | powerful. [Jiyva's grace]
  9866 | Lair:2   | Gained mutation: Your spells are much harder to cast, but
                  | much more powerful. [Jiyva's grace]
  9866 | Lair:2   | Gained mutation: You expend magic power (3 MP) to
                  | strengthen your wands. [Jiyva's grace]
 10189 | Lair:3   | Reached ***** piety under Jiyva
 10327 | Lair:3   | Reached skill level 11 in Unarmed Combat
 11060 | Lair:3   | Found a staircase to the Snake Pit.
 11868 | Lair:4   | Lost mutation: Your spells are much harder to cast, but
                  | much more powerful. [Jiyva's grace]
 11868 | Lair:4   | Gained mutation: Your translucent skin slightly reduces
                  | your foes' accuracy. (Stealth+) [Jiyva's grace]
 11868 | Lair:4   | Gained mutation: Your translucent skin reduces your foes'
                  | accuracy. (Stealth+) [Jiyva's grace]
 11868 | Lair:4   | Gained mutation: Your transparent skin significantly
                  | reduces your foes' accuracy. (Stealth+) [Jiyva's grace]
 11868 | Lair:4   | Gained mutation: You are somewhat resistant to further
                  | mutation. [Jiyva's grace]
 12135 | Lair:4   | Reached XP level 13. HP: 68/77 MP: 25/25
 12184 | Lair:4   | Found a runed translucent gate.
 12184 | Lair:4   | Found a runed translucent gate.
 12184 | Lair:4   | Found a runed translucent gate.
 12186 | Lair:4   | Noticed Fagh's ghost (journeyman DsCK)
 12282 | Lair:4   | Identified the +3 leather armour of the Arena {Str+4 Int+3}
 12659 | Lair:5   | Entered Level 5 of the Lair of Beasts
 12665 | Lair:5   | Reached skill level 12 in Unarmed Combat
 12778 | Lair:5   | a five-headed hydra changed into an azure jelly
 12778 | Lair:5   | Noticed an azure jelly
 13021 | Lair:5   | Reached skill level 15 in Stealth
 13405 | Lair:5   | Paralysed by a hornet for 2 turns
 13514 | Lair:5   | Reached skill level 13 in Unarmed Combat
 13544 | Lair:5   | Reached XP level 14. HP: 24/84 MP: 5/27
 13775 | Lair:5   | Found a runed translucent door.
 13775 | Lair:5   | Found a viscous altar of Jiyva.
 13777 | Lair:5   | Lost mutation: You are somewhat resistant to further
                  | mutation. [Jiyva's grace]
 13777 | Lair:5   | Lost mutation: Your spells are harder to cast, but more
                  | powerful. [Jiyva's grace]
 13777 | Lair:5   | Lost mutation: Your spells are a little harder to cast, but
                  | a little more powerful. [Jiyva's grace]
 13777 | Lair:5   | Lost mutation: Your transparent skin significantly reduces
                  | your foes' accuracy. (Stealth+) [Jiyva's grace]
 13777 | Lair:5   | Lost mutation: Your translucent skin reduces your foes'
                  | accuracy. (Stealth+) [Jiyva's grace]
 13777 | Lair:5   | Gained mutation: Your translucent skin reduces your foes'
                  | accuracy. (Stealth+) [Jiyva's grace]
 13777 | Lair:5   | Gained mutation: Your transparent skin significantly
                  | reduces your foes' accuracy. (Stealth+) [Jiyva's grace]
 13777 | Lair:5   | Gained mutation: Your system is resistant to poisons.
                  | (rPois) [Jiyva's grace]
 13777 | Lair:5   | Gained mutation: You passively dampen the noise of your
                  | surroundings. [Jiyva's grace]
 13967 | Lair:5   | Reached skill level 1 in Evocations
 14508 | Lair:5   | Found a staircase to the Slime Pits.
 14641 | Slime:1  | Entered Level 1 of the Pits of Slime
 14643 | Slime:1  | Noticed an acid blob
 14650 | Slime:2  | Noticed a rockslime
 14663 | Slime:3  | Noticed an acid blob
 14663 | Slime:3  | Noticed a rockslime
 14663 | Slime:3  | Noticed an acid blob
 14665 | Slime:3  | Noticed an acid blob
 14671 | Slime:5  | Entered Level 5 of the Pits of Slime
 14676 | Slime:5  | Noticed an acid blob
 14681 | Slime:5  | Noticed a rockslime
 14685 | Slime:5  | Noticed a quicksilver ooze
 14688 | Slime:5  | Found a viscous altar of Jiyva.
 14688 | Slime:5  | Noticed the Royal Jelly
 14689 | Slime:5  | Noticed a quicksilver ooze
 14718 | Slime:5  | Noticed an acid blob
 14723 | Slime:5  | Noticed a rockslime
 14781 | Slime:5  | Noticed an acid blob
 14816 | Slime:3  | Noticed an acid blob
 15088 | D:8      | Noticed Maurice
 15093 | D:8      | Killed Maurice
 15179 | D:8      | Found a sparkling altar of Nemelex Xobeh.
 15349 | D:9      | Found a runed translucent door.
 15507 | D:9      | Found Xemip's Book Emporium.
 15879 | D:9      | Found a staircase to the Orcish Mines.
 16054 | D:10     | Entered Level 10 of the Dungeon
 16062 | D:10     | Noticed Palms's ghost (journeyman KoDe)
 16062 | D:10     | Noticed a lich
 16155 | D:10     | Found a runed translucent door.
 16159 | D:10     | Found a runed translucent door.
 16612 | D:10     | Found Refe Uru's Antique Weapon Shoppe.
 16613 | D:10     | Reached ****** piety under Jiyva
 16847 | Slime:5  | Got a slimy rune of Zot
 16860 | Slime:5  | Identified the +10 broad axe of Currency {spect, rElec
                  | rPois Str-5 Dex+6}
 16868 | Slime:5  | Identified the staff of conjuration "Befeicw" {Str+4}
 16880 | Slime:5  | Identified the +0 double sword "Pearanelo" {flame, *Slow
                  | rElec Will++}
 16909 | Slime:5  | Got the Compilation of Shifting Evil
 16937 | Slime:5  | Identified the +0 robe of the Hidden Knives {*Slow rF+
                  | MP+9}
 17021 | Slime:3  | Noticed an azure jelly
 17039 | Slime:1  | Noticed an acid blob
 17437 | D:10     | Lost mutation: Your system is resistant to poisons. (rPois)
                  | [Jiyva's grace]
 17437 | D:10     | Lost mutation: You expend magic power (3 MP) to strengthen
                  | your wands. [Jiyva's grace]
 17437 | D:10     | Lost mutation: You passively dampen the noise of your
                  | surroundings. [Jiyva's grace]
 17437 | D:10     | Gained mutation: You have sharp fingernails. [Jiyva's
                  | grace]
 17437 | D:10     | Gained mutation: You have very sharp fingernails. [Jiyva's
                  | grace]
 17437 | D:10     | Gained mutation: You have claws for hands. [Jiyva's grace]
 17437 | D:10     | Gained mutation: Your mind is acute. (Int +4, Str/Dex -1)
                  | [Jiyva's grace]
 17513 | D:10     | Reached skill level 5 in Dodging
 17602 | D:10     | Identified the ring of the Salmon {rF+ Str+5 Dex-5 Slay+2}
 17933 | D:11     | Reached skill level 1 in Armour
 18399 | D:12     | Reached XP level 15. HP: 78/88 MP: 23/28
 18477 | D:12     | a death knight changed into an acid blob
 18477 | D:12     | Noticed an acid blob
 18480 | D:12     | Identified the +1 helmet of Plog {rElec Will+ SInv}
 18710 | D:12     | Killed an acid blob
 19210 | D:13     | Noticed Jorgrun
 19216 | D:13     | Killed Jorgrun
 19226 | D:13     | Reached skill level 15 in Fighting
 19231 | D:13     | Reached skill level 5 in Evocations
 19379 | D:13     | Noticed Lodul
 19395 | D:13     | Killed Lodul
 19457 | D:13     | Lost mutation: You have claws for hands. [Jiyva's grace]
 19457 | D:13     | Lost mutation: Your transparent skin significantly reduces
                  | your foes' accuracy. (Stealth+) [Jiyva's grace]
 19457 | D:13     | Gained mutation: You passively map a small area around you.
                  | [Jiyva's grace]
 19457 | D:13     | Gained mutation: You passively map the area around you.
                  | [Jiyva's grace]
 19457 | D:13     | Gained mutation: You passively map a large area around you.
                  | [Jiyva's grace]
 19457 | D:13     | Gained mutation: You are robust. (+10% HP) [Jiyva's grace]
 20661 | D:14     | Found a gate to the Vaults.
 21150 | D:15     | Entered Level 15 of the Dungeon
 21682 | D:15     | Found a white marble altar of Elyvilon.
 21791 | D:15     | Reached skill level 1 in Shields
 21908 | D:15     | Lost mutation: You have very sharp fingernails. [Jiyva's
                  | grace]
 21908 | D:15     | Lost mutation: You are mostly covered in iridescent scales.
                  | (AC +4) [Jiyva's grace]
 21908 | D:15     | Lost mutation: You passively map a large area around you.
                  | [Jiyva's grace]
 21908 | D:15     | Lost mutation: You passively map the area around you.
                  | [Jiyva's grace]
 21908 | D:15     | Lost mutation: Your translucent skin reduces your foes'
                  | accuracy. (Stealth+) [Jiyva's grace]
 21908 | D:15     | Gained mutation: You have a small jelly attached to you
                  | that may absorb projectiles. [Jiyva's grace]
 21908 | D:15     | Gained mutation: Your translucent skin reduces your foes'
                  | accuracy. (Stealth+) [Jiyva's grace]
 21908 | D:15     | Gained mutation: Your transparent skin significantly
                  | reduces your foes' accuracy. (Stealth+) [Jiyva's grace]
 21908 | D:15     | Gained mutation: Your body has grown eyes which may confuse
                  | attackers. (Acc +3) [Jiyva's grace]
 22046 | D:15     | Found a staircase to the Depths.
 22046 | D:15     | Noticed a frost giant
 22052 | D:15     | Killed a frost giant
 22318 | Orc:1    | Entered Level 1 of the Orcish Mines
 22356 | Orc:1    | Found Gikuzuv's Antique Armour Shoppe.
 22371 | Orc:1    | Bought a glowing scarf for 176 gold pieces
 22371 | Orc:1    | Bought a pair of runed gloves for 165 gold pieces
 22438 | Orc:1    | Found Xaesy's Firing Range.
 22446 | Orc:1    | Bought 2 atropa-tipped darts for 23 gold pieces
 22446 | Orc:1    | Bought 5 atropa-tipped darts for 58 gold pieces
 22446 | Orc:1    | Bought a throwing net for 39 gold pieces
 22750 | Orc:2    | Entered Level 2 of the Orcish Mines
 22838 | Orc:2    | Noticed Nergalle
 22847 | Orc:2    | Noticed an orc warlord
 22849 | Orc:2    | Noticed Urug
 22855 | Orc:2    | Killed Nergalle
 22856 | Orc:2    | Reached XP level 16. HP: 104/104 MP: 30/30
 22868 | Orc:2    | Killed Urug
 22948 | Orc:2    | Reached skill level 10 in Spellcasting
 23113 | Orc:2    | Found Orotruyt's Book Shoppe.
 23131 | Orc:2    | Found Plog's General Store.
 23138 | Orc:2    | Bought a potion of haste for 120 gold pieces
 23147 | Orc:2    | Found Xikyha's Antique Armour Shoppe.
 23158 | Orc:2    | Bought a faintly glowing scale mail for 297 gold pieces
 23158 | Orc:2    | Identified the +0 scale mail of Hadjma {rC++ Int+4 Stlth+}
                  | (You bought it in a shop on level 2 of the Orcish Mines)
 23174 | Orc:2    | Found Seluxzo's Antique Weapon Shoppe.
 23233 | Orc:2    | Found a staircase to the Elven Halls.
 23928 | Snake:1  | Entered Level 1 of the Snake Pit
 24052 | Snake:1  | Reached skill level 5 in Armour
 24680 | Snake:1  | Found the +3 Mad Mage's Maulers {Infuse+∞ VampMP -Cast}
 25006 | Snake:1  | Lost mutation: You are partially covered in iridescent
                  | scales. (AC +2) [Jiyva's grace]
 25006 | Snake:1  | Lost mutation: Your body has grown eyes which may confuse
                  | attackers. (Acc +3) [Jiyva's grace]
 25006 | Snake:1  | Gained mutation: Your rubbery body absorbs attacks. (AC +1,
                  | EV +1) [Jiyva's grace]
 25006 | Snake:1  | Gained mutation: Your pliable body absorbs attacks. (AC +2,
                  | EV +2) [Jiyva's grace]
 25006 | Snake:1  | Gained mutation: Your gelatinous body deflects attacks. (AC
                  | +3, EV +3) [Jiyva's grace]
 25006 | Snake:1  | Gained mutation: You passively dampen the noise of your
                  | surroundings. [Jiyva's grace]
 25779 | Snake:1  | Found a runed translucent door.
 25782 | Snake:1  | Noticed pdpol's ghost (journeyman NaFE)
 25964 | Snake:1  | Killed pdpol's ghost
 28409 | Snake:2  | Found Kaekh's Weapon Shoppe.
 29456 | Snake:3  | Lost mutation: Your gelatinous body deflects attacks. (AC
                  | +3, EV +3) [Jiyva's grace]
 29456 | Snake:3  | Lost mutation: Your transparent skin significantly reduces
                  | your foes' accuracy. (Stealth+) [Jiyva's grace]
 29456 | Snake:3  | Gained mutation: Your spells are a little harder to cast,
                  | but a little more powerful. [Jiyva's grace]
 29456 | Snake:3  | Gained mutation: Your spells are harder to cast, but more
                  | powerful. [Jiyva's grace]
 29456 | Snake:3  | Gained mutation: Your spells are much harder to cast, but
                  | much more powerful. [Jiyva's grace]
 29456 | Snake:3  | Gained mutation: Your transparent skin significantly
                  | reduces your foes' accuracy. (Stealth+) [Jiyva's grace]
 29459 | Snake:3  | Reached skill level 5 in Shields
 29461 | Snake:3  | Noticed Vashnia
 29708 | Snake:3  | Found a frozen archway.
 29733 | IceCv    | Entered an ice cave
 31145 | IceCv    | Reached XP level 17. HP: 108/108 MP: 8/33
 31171 | IceCv    | Noticed an Ice Fiend
 31187 | IceCv    | Killed an Ice Fiend
 32510 | Snake:3  | Found a runed translucent gate.
 32510 | Snake:3  | Found a runed translucent gate.
 32510 | Snake:3  | Found a runed translucent gate.
 32510 | Snake:3  | Noticed 13Fox's ghost (journeyman DsHu)
 33445 | Snake:3  | Noticed Aizul
 33489 | Snake:3  | Killed Aizul
 33599 | Snake:3  | Killed Vashnia
 33970 | Snake:3  | Reached XP level 18. HP: 113/115 MP: 33/35
 34142 | Snake:4  | Entered Level 4 of the Snake Pit
 34235 | Snake:4  | Reached skill level 5 in Throwing
 34953 | Snake:4  | Reached skill level 14 in Unarmed Combat
 35194 | Snake:4  | Reached XP level 19. HP: 108/119 MP: 34/36
 35268 | Snake:4  | Got a serpentine rune of Zot
 35330 | Snake:4  | Reached skill level 15 in Unarmed Combat
 35926 | Snake:4  | Lost mutation: You have sharp fingernails. [Jiyva's grace]
 35926 | Snake:4  | Lost mutation: You are robust. (+10% HP) [Jiyva's grace]
 35926 | Snake:4  | Lost mutation: Your spells are much harder to cast, but
                  | much more powerful. [Jiyva's grace]
 35926 | Snake:4  | Gained mutation: You are somewhat resistant to further
                  | mutation. [Jiyva's grace]
 35926 | Snake:4  | Gained mutation: You are somewhat resistant to both further
                  | mutation and mutation removal. [Jiyva's grace]
 35926 | Snake:4  | Gained mutation: You are almost entirely resistant to
                  | further mutation and mutation removal. [Jiyva's grace]
 35926 | Snake:4  | Gained mutation: Your body has grown eyes which may confuse
                  | attackers. (Acc +3) [Jiyva's grace]
 36265 | Shoals:1 | Entered Level 1 of the Shoals
 36265 | Shoals:1 | Noticed Roxanne
 36364 | Shoals:1 | Killed Roxanne
 37568 | Shoals:2 | Got the Encyclopedia of Conjured Transmutation
 37707 | Shoals:2 | Reached skill level 16 in Unarmed Combat
 38071 | Shoals:3 | Lost mutation: Your mind is acute. (Int +4, Str/Dex -1)
                  | [Jiyva's grace]
 38071 | Shoals:3 | Lost mutation: You are almost entirely resistant to further
                  | mutation and mutation removal. [Jiyva's grace]
 38071 | Shoals:3 | Lost mutation: Your body has grown eyes which may confuse
                  | attackers. (Acc +3) [Jiyva's grace]
 38071 | Shoals:3 | Gained mutation: You are partially covered in iridescent
                  | scales. (AC +2) [Jiyva's grace]
 38071 | Shoals:3 | Gained mutation: You are mostly covered in iridescent
                  | scales. (AC +4) [Jiyva's grace]
 38071 | Shoals:3 | Gained mutation: You are completely covered in iridescent
                  | scales. (AC +6) [Jiyva's grace]
 38071 | Shoals:3 | Gained mutation: You are partially covered in large bone
                  | plates. (SH +4) [Jiyva's grace]
 38452 | Shoals:3 | Found a transporter.
 38471 | Shoals:3 | Noticed Veluwn's ghost (journeyman MeWn)
 38503 | Shoals:3 | Found a bloodstained altar of Trog.
 38531 | Shoals:3 | Found a transporter.
 38613 | Shoals:3 | Killed Veluwn's ghost
 38827 | Shoals:3 | Reached skill level 17 in Unarmed Combat
 38951 | Shoals:4 | Entered Level 4 of the Shoals
 39251 | Shoals:4 | Got Downaag's Parchment of the Valley and the Spider
 39425 | Shoals:4 | Found a runed translucent door.
 39426 | Shoals:4 | Noticed barkas's ghost (adept NaVM)
 39669 | Shoals:4 | Got a barnacled rune of Zot
 39945 | Shoals:4 | Upgraded the game from 0.30-a0-1160-g6e42c06551 to
                  | 0.30-a0-1161-g0704695555
 39960 | Shoals:4 | Killed barkas's ghost
 39961 | Shoals:4 | Reached skill level 10 in Shields
 40247 | Elf:1    | Entered Level 1 of the Elven Halls
 40258 | Elf:1    | Reached skill level 18 in Unarmed Combat
 40430 | Elf:1    | Noticed Agnes
 40450 | Elf:1    | Killed Agnes
 40652 | Elf:1    | Reached XP level 20. HP: 114/114 MP: 37/37
 40673 | Elf:1    | Paralysed by an air elemental for 1 turns
 40676 | Elf:1    | Paralysed by an air elemental for 1 turns
 41112 | Elf:1    | Reached skill level 19 in Unarmed Combat
 41398 | Elf:1    | Lost mutation: You are completely covered in iridescent
                  | scales. (AC +6) [Jiyva's grace]
 41398 | Elf:1    | Lost mutation: You passively map a small area around you.
                  | [Jiyva's grace]
 41398 | Elf:1    | Lost mutation: Your spells are harder to cast, but more
                  | powerful. [Jiyva's grace]
 41398 | Elf:1    | Lost mutation: Your transparent skin significantly reduces
                  | your foes' accuracy. (Stealth+) [Jiyva's grace]
 41398 | Elf:1    | Lost mutation: You passively dampen the noise of your
                  | surroundings. [Jiyva's grace]
 41398 | Elf:1    | Gained mutation: Your transparent skin significantly
                  | reduces your foes' accuracy. (Stealth+) [Jiyva's grace]
 41398 | Elf:1    | Gained mutation: You have a small jelly attached to you
                  | that senses nearby items. [Jiyva's grace]
 41398 | Elf:1    | Gained mutation: You expend magic power (3 MP) to
                  | strengthen your wands. [Jiyva's grace]
 41398 | Elf:1    | Gained mutation: You are completely covered in iridescent
                  | scales. (AC +6) [Jiyva's grace]
 41461 | Elf:1    | Found Dobrynya's Dragon-Slaying Spoils.
 41951 | Elf:2    | Found a runed translucent gate.
 41951 | Elf:2    | Found a runed translucent gate.
 41952 | Elf:2    | Found a runed translucent gate.
 42226 | Elf:3    | Entered Level 3 of the Elven Halls
 42241 | Elf:3    | Noticed Saint Roka
 42319 | Elf:3    | Killed Saint Roka
 42971 | Elf:3    | Identified the +4 scale mail of Kaisepeb {Drain rN+ Dex+5}
 43514 | Elf:3    | Identified the +7 broad axe of Kindness {chaos, +Blink
                  | Will- Str+3 Dex+7}
 43514 | Elf:3    | Identified the ring "Gili" {rC++ Str+2 Int+6}
 43597 | Elf:3    | Identified the +1 short sword of Mourning {drain, SInv}
 43633 | Elf:3    | Gained mutation: You are frail. (-10% HP) [a neqoxec]
 43710 | Elf:3    | Identified the +9 flail of the Distant Future {freeze,
                  | +Blink rC- Str+2 Dex+5}
 43710 | Elf:3    | Identified the +2 robe of Depression {rElec MP-9 Int+5}
 43710 | Elf:3    | Identified the amulet of Jealousy {Contam +Inv Regen+ Str+6
                  | SInv}
 43764 | Elf:3    | Reached XP level 21. HP: 108/108 MP: 38/38
 43783 | Elf:3    | Identified the +0 scale mail "Xausmigg" {rElec rC+ Will-
                  | Str+3}
 43787 | Elf:3    | Identified the +2 ring mail "Ocenool" {rCorr Str+3}
 43805 | Elf:3    | Got the Cyclopedia of the Spider and Doom
 43821 | Elf:3    | Got the Handbook of the Five Nights
 44458 | Vaults:1 | Entered Level 1 of the Vaults
 44701 | Vaults:1 | Reached skill level 20 in Unarmed Combat
 44828 | Vaults:1 | Lost mutation: You are partially covered in large bone
                  | plates. (SH +4) [Jiyva's grace]
 44828 | Vaults:1 | Lost mutation: You are frail. (-10% HP) [Jiyva's grace]
 44828 | Vaults:1 | Lost mutation: You are somewhat resistant to both further
                  | mutation and mutation removal. [Jiyva's grace]
 44828 | Vaults:1 | Lost mutation: Your transparent skin significantly reduces
                  | your foes' accuracy. (Stealth+) [Jiyva's grace]
 44828 | Vaults:1 | Gained mutation: Your system is resistant to poisons.
                  | (rPois) [Jiyva's grace]
 44828 | Vaults:1 | Lost mutation: You are somewhat resistant to further
                  | mutation. [Jiyva's grace]
 44828 | Vaults:1 | Gained mutation: You have hidden genetic potential.
                  | [Jiyva's grace]
 44828 | Vaults:1 | Gained mutation: You have great hidden genetic potential.
                  | [Jiyva's grace]
 44828 | Vaults:1 | Gained mutation: Your gelatinous body deflects attacks. (AC
                  | +3, EV +3) [Jiyva's grace]
 44981 | Vaults:1 | Found Dipuipeh's Jewellery Boutique.
 45694 | Vaults:1 | Noticed Donald
 45710 | Vaults:1 | Killed Donald
 45799 | Vaults:1 | Bought an amulet of the acrobat for 390 gold pieces
 46710 | Vaults:2 | Found a staircase to the Crypt.
 46786 | Vaults:2 | Found Yzakk's General Store.
 46792 | Vaults:2 | Bought a potion of might for 84 gold pieces
 46792 | Vaults:2 | Bought a potion of haste for 210 gold pieces
 46945 | Vaults:2 | Lost mutation: You are completely covered in iridescent
                  | scales. (AC +6) [Jiyva's grace]
 46945 | Vaults:2 | Lost mutation: Your system is resistant to poisons. (rPois)
                  | [Jiyva's grace]
 46945 | Vaults:2 | Lost mutation: Your spells are a little harder to cast, but
                  | a little more powerful. [Jiyva's grace]
 46945 | Vaults:2 | Lost mutation: Your translucent skin reduces your foes'
                  | accuracy. (Stealth+) [Jiyva's grace]
 46945 | Vaults:2 | Lost mutation: You have great hidden genetic potential.
                  | [Jiyva's grace]
 46945 | Vaults:2 | Lost mutation: You expend magic power (3 MP) to strengthen
                  | your wands. [Jiyva's grace]
 46945 | Vaults:2 | Gained mutation: You are covered in slimy tendrils that may
                  | disarm your opponents. [Jiyva's grace]
 46945 | Vaults:2 | Gained mutation: Your system is resistant to poisons.
                  | (rPois) [Jiyva's grace]
 46945 | Vaults:2 | Gained mutation: You are strong-willed. (Will+) [Jiyva's
                  | grace]
 46945 | Vaults:2 | Gained mutation: You are highly strong-willed. (Will++)
                  | [Jiyva's grace]
 47200 | Vaults:3 | Reached XP level 22. HP: 126/126 MP: 40/40
 47361 | Vaults:3 | Reached skill level 10 in Armour
 47476 | Vaults:3 | Found a runed translucent door.
 47477 | Vaults:3 | Noticed Unforgiven's ghost (veteran GrFi)
 48095 | Vaults:3 | Gained mutation: You possess an exceptional clarity of
                  | mind. [hidden potential]
 48303 | Vaults:4 | Noticed Jory
 48344 | Vaults:4 | Killed Jory
 48372 | Vaults:4 | Lost mutation: You are mostly covered in iridescent scales.
                  | (AC +4) [Jiyva's grace]
 48372 | Vaults:4 | Lost mutation: Your gelatinous body deflects attacks. (AC
                  | +3, EV +3) [Jiyva's grace]
 48372 | Vaults:4 | Lost mutation: Your pliable body absorbs attacks. (AC +2,
                  | EV +2) [Jiyva's grace]
 48372 | Vaults:4 | Lost mutation: You have a small jelly attached to you that
                  | senses nearby items. [Jiyva's grace]
 48372 | Vaults:4 | Gained mutation: You are mostly covered in iridescent
                  | scales. (AC +4) [Jiyva's grace]
 48372 | Vaults:4 | Gained mutation: You are completely covered in iridescent
                  | scales. (AC +6) [Jiyva's grace]
 48372 | Vaults:4 | Gained mutation: You expend magic power (3 MP) to
                  | strengthen your wands. [Jiyva's grace]
 48372 | Vaults:4 | Gained mutation: You are resistant to electric shocks.
                  | (rElec) [Jiyva's grace]
 48555 | Vaults:4 | Reached skill level 15 in Spellcasting
 48555 | Vaults:4 | Reached skill level 10 in Dodging
 49225 | Vaults:4 | Upgraded the game from 0.30-a0-1161-g0704695555 to
                  | 0.30-a0-1164-ge08a67761e
 49596 | D:7      | Killed avis's ghost
 49748 | D:10     | Killed Palms's ghost
 49952 | Lair:4   | Killed Fagh's ghost
 50235 | Snake:3  | Killed 13Fox's ghost
 50948 | Abyss:2  | Cast into level 2 of the Abyss (+2 short sword of
                  | distortion)
 51373 | Abyss:2  | Lost mutation: You are covered in slimy tendrils that may
                  | disarm your opponents. [Jiyva's grace]
 51373 | Abyss:2  | Gained mutation: You have great hidden genetic potential.
                  | [Jiyva's grace]
 51373 | Abyss:2  | Gained mutation: You are agile. (Dex +4, Str/Int -1)
                  | [Jiyva's grace]
 51373 | Abyss:2  | Gained mutation: You are very agile. (Dex +8, Str/Int -2)
                  | [Jiyva's grace]
 51373 | Abyss:2  | Gained mutation: Your muscles are strong. (Str +4, Int/Dex
                  | -1) [Jiyva's grace]
 51475 | Abyss:2  | Found a corrupted altar of Lugonu.
 51496 | Abyss:2  | Reached skill level 10 in Throwing
 51501 | Abyss:2  | Found a corrupted altar of Lugonu.
 51501 | Abyss:2  | Found a corrupted altar of Lugonu.
 51545 | Abyss:2  | Found a corrupted altar of Lugonu.
 51562 | Abyss:2  | Noticed an ancient lich
 51576 | Abyss:2  | Killed an ancient lich
 51580 | Elf:2    | Escaped the Abyss
 51594 | Elf:2    | Reached XP level 23. HP: 108/130 MP: 32/43
 52291 | Vaults:5 | Entered Level 5 of the Vaults
 52649 | Vaults:5 | Gained mutation: You have sharp toenails. [hidden
                  | potential]
 52649 | Vaults:5 | Lost mutation: You have great hidden genetic potential.
                  | [hidden potential expressed]
 52855 | Vaults:5 | Identified the +10 glaive of Vanity {antimagic, +Blink}
 52855 | Vaults:5 | Identified the ring of the Arcadian God {rPois Dex+4}
 52869 | Vaults:5 | Identified the ring "Esulan" {rC+ rN+}
 52941 | Vaults:5 | Identified the ring of Resumed Hostilities {*Slow rElec rF+
                  | Str+2 Stlth+}
 53077 | Vaults:5 | Got a silver rune of Zot
 53140 | Vaults:5 | Identified the +9 broad axe of the Hungering Gods {freeze,
                  | rN+ Int+4 Dex+5}
 53520 | Vaults:5 | Identified the staff of cold "Otuobb" {rC+ MP-9 Int+5
                  | Dex+2}
 53588 | Vaults:5 | Noticed a golden dragon
 53601 | Vaults:5 | Killed a golden dragon
 53676 | Vaults:5 | Lost mutation: You have sharp toenails. [Jiyva's grace]
 53676 | Vaults:5 | Lost mutation: You are very agile. (Dex +8, Str/Int -2)
                  | [Jiyva's grace]
 53676 | Vaults:5 | Lost mutation: You possess an exceptional clarity of mind.
                  | [Jiyva's grace]
 53676 | Vaults:5 | Gained mutation: Your translucent skin reduces your foes'
                  | accuracy. (Stealth+) [Jiyva's grace]
 53676 | Vaults:5 | Gained mutation: Your transparent skin significantly
                  | reduces your foes' accuracy. (Stealth+) [Jiyva's grace]
 53676 | Vaults:5 | Gained mutation: Your melee attacks may engulf your foes in
                  | ooze. [Jiyva's grace]
 53676 | Vaults:5 | Gained mutation: You possess an exceptional clarity of
                  | mind. [Jiyva's grace]
 53827 | Vaults:5 | Identified the +1 leather armour "Axeagapa" {Dex+3}
 53833 | Vaults:5 | Identified the staff of cold "Yxuown" {rC+ rN+++ MP+9 Str-2
                  | Stlth+}
 54196 | Depths:1 | Entered Level 1 of the Depths
 54196 | Depths:1 | Found a blossoming altar of Fedhas.
 54231 | Depths:1 | Found a flickering gateway to a bazaar.
 54311 | Bazaar   | Entered a bazaar
 54311 | Bazaar   | Found Fekenaoq's Assorted Antiques.
 54311 | Bazaar   | Found Liula's Antique Armour Emporium.
 54312 | Bazaar   | Found Efiunax's Weapon Shoppe.
 54312 | Bazaar   | Found Pyalubysm's Armour Emporium.
 54350 | Bazaar   | Bought a scroll of teleportation for 54 gold pieces
 54350 | Bazaar   | Bought a potion of haste for 180 gold pieces
 54360 | Bazaar   | Bought a wand of light (4) for 302 gold pieces
 54432 | Depths:1 | Found a gateway to Hell.
 54445 | Depths:1 | Reached XP level 24. HP: 136/136 MP: 43/43
 54534 | Depths:1 | Noticed Sojobo
 54553 | Depths:1 | Killed Sojobo
 54855 | Depths:1 | Gained mutation: Your spells are a little harder to cast,
                  | but a little more powerful. [hidden potential]
 54932 | Depths:1 | Found a one-way gate leading to the halls of Pandemonium.
 55375 | Depths:2 | Found Yczays's Book Boutique.
 55382 | Depths:2 | Learned a level 2 spell: Blink
 55430 | Depths:2 | Lost mutation: Your spells are a little harder to cast, but
                  | a little more powerful. [Jiyva's grace]
 55430 | Depths:2 | Lost mutation: Your transparent skin significantly reduces
                  | your foes' accuracy. (Stealth+) [Jiyva's grace]
 55430 | Depths:2 | Lost mutation: Your melee attacks may engulf your foes in
                  | ooze. [Jiyva's grace]
 55430 | Depths:2 | Gained mutation: Your transparent skin significantly
                  | reduces your foes' accuracy. (Stealth+) [Jiyva's grace]
 55430 | Depths:2 | Gained mutation: Your flesh is cold resistant. (rC+)
                  | [Jiyva's grace]
 55430 | Depths:2 | Gained mutation: Your flesh is very cold resistant. (rC++)
                  | [Jiyva's grace]
 55430 | Depths:2 | Gained mutation: Your flesh is almost immune to the effects
                  | of cold. (rC+++) [Jiyva's grace]
 55439 | Depths:2 | Noticed Louise
 55455 | Depths:2 | Killed Louise
 55456 | Depths:2 | Reached skill level 1 in Translocations
 55456 | Depths:2 | Found a one-way gate to the infinite horrors of the Abyss.
 55718 | Depths:2 | Found an ornate altar of the Wu Jian Council.
 55757 | Depths:2 | Reached skill level 10 in Evocations
 55761 | Depths:2 | Found Xatuqont's General Store.
 55763 | Depths:2 | Found Utwesch's Antique Armour Boutique.
 55768 | Depths:2 | Found Onutwank's Jewellery Shop.
 55811 | Depths:2 | Noticed Mara
 55827 | Depths:2 | Killed Mara
 56016 | Depths:2 | Identified the +0 spear "Beast's Undoing" {heavy, rPois rC+
                  | Int+4}
 56196 | Depths:2 | Found a one-way gateway to a ziggurat.
 56579 | Depths:3 | Found the +4 robe of Folly {Brill Will-∞ Int+8}
 56600 | Depths:3 | Identified the ring "Nynk" {Fly rElec rF+ rCorr}
 56631 | Depths:3 | Identified the +3 war axe of Jadiurur {venom, rElec}
 56920 | Depths:3 | Found a glowing golden altar of the Shining One.
 57178 | Depths:3 | Found Xicze's Jewellery Shop.
 57178 | Depths:3 | Found Copino's Book Emporium.
 57180 | Depths:3 | Found Xaevin's Book Emporium.
 57500 | Depths:4 | Entered Level 4 of the Depths
 57574 | Depths:4 | Noticed Boris
 57585 | Depths:4 | Killed Boris
 57602 | Depths:4 | Reached skill level 5 in Translocations
 57603 | Depths:4 | Noticed Mennas
 57857 | Depths:4 | Found a gate to the Realm of Zot.
 58000 | Depths:4 | Lost mutation: You are completely covered in iridescent
                  | scales. (AC +6) [Jiyva's grace]
 58000 | Depths:4 | Lost mutation: Your flesh is almost immune to the effects
                  | of cold. (rC+++) [Jiyva's grace]
 58000 | Depths:4 | Lost mutation: Your flesh is very cold resistant. (rC++)
                  | [Jiyva's grace]
 58000 | Depths:4 | Lost mutation: Your muscles are strong. (Str +4, Int/Dex
                  | -1) [Jiyva's grace]
 58000 | Depths:4 | Lost mutation: Your rubbery body absorbs attacks. (AC +1,
                  | EV +1) [Jiyva's grace]
 58000 | Depths:4 | Gained mutation: You have a pair of small horns on your
                  | head. [Jiyva's grace]
 58000 | Depths:4 | Gained mutation: You have a pair of horns on your head.
                  | [Jiyva's grace]
 58000 | Depths:4 | Gained mutation: You have a pair of large horns on your
                  | head. [Jiyva's grace]
 58000 | Depths:4 | Gained mutation: You have large cloven feet. [Jiyva's
                  | grace]
 58158 | Depths:4 | Reached XP level 25. HP: 140/140 MP: 43/43
 58730 | Crypt:1  | Entered Level 1 of the Crypt
 58978 | Crypt:1  | You are sucked into a shaft and drop 1 floor!
 58979 | Crypt:2  | Noticed Boris
 58988 | Crypt:2  | Killed Boris
 59020 | Crypt:1  | Noticed a royal mummy
 59023 | Crypt:1  | Noticed Khufu
 59023 | Crypt:1  | Noticed a royal mummy
 59023 | Crypt:1  | Noticed a royal mummy
 59025 | Crypt:1  | Gained mutation: You have sharp fingernails. [hidden
                  | potential]
 59025 | Crypt:1  | Lost mutation: You have hidden genetic potential. [hidden
                  | potential expressed]
 59442 | Crypt:1  | Killed Khufu
 59446 | Crypt:1  | Identified the ring of Ashenzari's Supremacy {Ice Drain
                  | rElec rN+++ Int+4}
 59446 | Crypt:1  | Noticed Josephina
 59549 | Crypt:1  | Killed Josephina
 59740 | Crypt:1  | Killed a royal mummy
 59818 | Crypt:1  | Killed a royal mummy
 59852 | Crypt:1  | Identified the +11 sling "Sehuamub" {freeze, rF- rN+ Int+4
                  | Dex+2}
 59978 | Crypt:1  | Found a shadowy altar of Dithmenos.
 59984 | Crypt:1  | Identified the amulet of Kig Iting {RegenMP rN+ rCorr Str+3
                  | Dex-5}
 59995 | Crypt:1  | Identified the ring "Udithriuf" {rC+ Will++ MP+9 Dex-4
                  | Slay+2}
 60083 | Crypt:1  | Killed a royal mummy
 60104 | Crypt:1  | Learned a level 3 spell: Portal Projectile
 60284 | Crypt:2  | Reached skill level 1 in Hexes
 60814 | Crypt:3  | Entered Level 3 of the Crypt
 60815 | Crypt:3  | Noticed Frederick
 61024 | Crypt:3  | Killed Frederick
 61082 | Crypt:3  | Found a basalt altar of Yredelemnul.
 61084 | Crypt:3  | Lost mutation: You have large cloven feet. [Jiyva's grace]
 61084 | Crypt:3  | Lost mutation: You have a pair of large horns on your head.
                  | [Jiyva's grace]
 61084 | Crypt:3  | Lost mutation: You are highly strong-willed. (Will++)
                  | [Jiyva's grace]
 61084 | Crypt:3  | Gained mutation: Your rubbery body absorbs attacks. (AC +1,
                  | EV +1) [Jiyva's grace]
 61084 | Crypt:3  | Gained mutation: Your pliable body absorbs attacks. (AC +2,
                  | EV +2) [Jiyva's grace]
 61084 | Crypt:3  | Gained mutation: Your gelatinous body deflects attacks. (AC
                  | +3, EV +3) [Jiyva's grace]
 61084 | Crypt:3  | Gained mutation: You are completely covered in iridescent
                  | scales. (AC +6) [Jiyva's grace]
 61094 | Crypt:2  | Found a basalt altar of Yredelemnul.
 61391 | Crypt:3  | Found the +7 sceptre of Torment {pain, torment}
 61402 | Crypt:3  | Found a basalt altar of Yredelemnul.
 61403 | Crypt:3  | Noticed a royal mummy
 61417 | Crypt:3  | Found an ancient bone altar of Kikubaaqudgha.
 61698 | Crypt:3  | Identified the +8 falchion "Decyopim" {antimagic, Str+7}
 61773 | Crypt:3  | Killed a royal mummy
 61781 | Crypt:3  | Reached skill level 5 in Hexes
 61924 | Crypt:3  | Found a staircase to the Tomb.
 61968 | Crypt:3  | Identified the +6 battleaxe "Laneff" {flame, rF+ Int-2
                  | SInv}
 61968 | Crypt:3  | Identified the ring "Nyguus" {rN+ Will+ Slay+2 SInv}
 62018 | Crypt:3  | Reached XP level 26. HP: 145/145 MP: 45/45
 62290 | Crypt:3  | Identified the amulet "Xuopiz" {rPois Regen+ Stlth+}
 62350 | Crypt:3  | Got the Anthology of the Changed Caves
 62352 | Crypt:3  | Got the Discourse on Conflict
 62406 | Crypt:3  | Identified the +2 trident of Foul Odours {antimagic, *Slow
                  | rElec rPois Int+4}
 62704 | Hell     | Entered the Vestibule of Hell
 62704 | Hell     | Noticed Geryon
 62750 | Hell     | Reached skill level 10 in Translocations
 62766 | Hell     | Killed from afar by a hellion

Illustrated notes

Levels and vault maps discovered:
D:1:      evilmike_arrival_plus, layout_loops_cross, grunt_decor_arrowhead,
          kennysheep_nondescript, minmay_misc_feat_five,
          chequers_serial_rivers_micro_e, columned_hall_lemuel
D:2:      layout_basic, uniq_sigmund
D:3:      layout_basic, interstate_on_off, chequers_arboretum,
          nicolae_elevator_lobby_asterisk, uniq_jessica
D:4:      layout_basic, chequers_serial_rivers_micro_c, minmay_misc_feat_rows,
          kennysheep_generic_room_11, uniq_menkaure
D:5:      layout_basic, gup_sewer_entry_pipe, chequers_serial_rivers_room_a,
          hangedman_glass_teeth
D:6:      layout_loops_ring, minmay_temple_entry_wispy,
          chequers_serial_rivers_small_a, minmay_manual_mullet, uniq_eustachio,
          uniq_crazy_yiuf_cottage
D:7:      layout_cave_pods, enter_bailey_5, gammafunk_ghost_smash, uniq_joseph
D:8:      layout_loops_ring, kennysheep_mini_moat, due_lair_maze_entry_diamond,
          uniq_maurice
D:9:      cheibrodos_shockbox, layout_small_grid, david_orc_4, serial_shops,
          nicolae_shop_behind_doors, serial_glass, glass_columns_a,
          glass_columns_b, glass_columns_c, glass_columns_a, glass_columns_a,
          glass_columns_c, glass_columns_a, glass_columns_a, glass_columns_c,
          glass_columns_a, glass_columns_b, glass_columns_a, glass_columns_b,
          glass_columns_b
D:10:     layout_long_grid, serial_shops, shop_fountains, serial_demonic,
          serial_demonic_a, serial_demonic_f, serial_demonic_f,
          serial_demonic_e, serial_demonic_c, serial_demonic_g,
          serial_demonic_e, serial_demonic_d, muffindrake_ghost_dual_entry
D:11:     layout_long_grid
D:12:     cheibrodos_tormentor_scu, layout_basic, serial_curves, eino_curves_04,
          eino_curves_02
D:13:     layout_loops_ring, uniq_lodul, uniq_jorgrun
D:14:     layout_cave_pools, erik_vaults_2, serial_ice, serial_ice_c,
          serial_ice_h, serial_ice_o, serial_ice_d, serial_ice_l, serial_ice_m,
          einodemon_armed_red_devil_minivault
D:15:     grunt_enter_depths_snipers, layout_loops_ring, elyvilon_altar_4,
          hangedman_abyss_or_decor_clamps
Lair:1:   layout_cellular_growth, minmay_holes
Lair:2:   layout_cave_pods, elwin_shoals_entry_stream, grunt_megastairs_5,
          serial_bayou_shore_b, uniq_sonja
Lair:3:   layout_big_grid, guppyfry_snake_entry_garden, evilmike_ambush
          [evilmike_ambush_outer_doors, evilmike_ambush_inner_basic],
          infiniplex_staircase_pool_2, serial_bayou_shore_a
Lair:4:   layout_gridlike, gammafunk_ghost_hydra_chop, roderic_batcave,
          fungi_pond_lemuel, cheibrodos_lair_reptile_den
Lair:5:   minmay_lair_end_enchanted_forest, layout_layer_cave, slime_entry_2,
          evilmike_ambush [evilmike_ambush_outer_basic,
          evilmike_ambush_inner_wall_2]
Shoals:1: layout_shoals, uniq_roxanne
Shoals:2: layout_shoals
Shoals:3: cheibrodos_shoals_satyrical_garden, layout_shoals,
          gammafunk_ghost_wrathful_warriors
Shoals:4: shoals_end_grunt_ice, layout_shoals, gammafunk_ghost_grave
Snake:1:  cheibrodos_snake_lava_hold, layout_cave_pods,
          ebering_ghost_reflecting_pool, serial_bayou_shore_b
Snake:2:  layout_grid_maze, serial_shops, nicolae_shop_bloodbath_and_beyond
Snake:3:  layout_basic, gammafunk_ghost_split,
          portal_ice_cave_entry_pillars_three, serial_bayou_shore_b, uniq_aizul,
          uniq_vashnia
Snake:4:  snake_pit, layout_layer_cave
Slime:1:  layout_caves, cheibrodos_slime_lost_civilization_4
Slime:2:  layout_caves
Slime:3:  layout_caves, basic_altar
Slime:4:  layout_caves
Slime:5
Orc:1:    layout_caves, serial_shops, shop, nicolae_shop_firing_range
Orc:2:    grunt_orc_cross, layout_diamond_mine
Elf:1:    minmay_elf_arrival_plus, layout_onion_city, minivault_28,
          nicolae_shop_dragon_depot, st_stairs_7, uniq_agnes, uniq_louise
Elf:2:    elven_hall_of_blades_hangedman_original
          [nicolae_blade_entry_crossed_weapons], layout_geoelf_grid
Elf:3:    minmay_elf_hall_curves, layout_geoelf_octagon, grunt_ministairs_2,
          uniq_saint_roka
Vaults:1: nicolae_vaults_mini_display_case, nicolae_vaults_asterisk,
          vaults_mumra_minichess_inversion, vaults_room_door_hall,
          nicolae_vaults_trapezoid_2, v_pattern_1, ontoclasm_vaults_idyll,
          v_misc_22, layout_vaults_quadrants, serial_shops,
          nicolae_shop_waterfront, uniq_donald
Vaults:2: nicolae_vaults_lopsided_apartments, minmay_crypt_entry_simple_box,
          nicolae_vaults_storage_closets_2, nicolae_vaults_little_squares_2,
          nicolae_vaults_tangram_1, nicolae_vaults_trapezoid_2,
          nicolae_vaults_surprise_closet, nicolae_vaults_offset_grid_hallway_3,
          nicolae_vaults_storage_room_water, nicolae_vaults_apartment_2,
          nicolae_vaults_prndl, nicolae_vaults_trapezoid_lopsided_4,
          nicolae_vaults_more_shelving_1, nicolae_vaults_yaktaur_gun_rack,
          nicolae_vaults_house_1, nicolae_vaults_shelves_hall, v_misc_1,
          layout_vaults_big_cross, serial_shops, shop
Vaults:3: ebering_ghost_reflecting_pool, vaults_standard_mumra_lines,
          nicolae_vaults_enemy_cabinets, nicolae_vaults_hallways_thing,
          hangedman_vaults_trim, v_misc_31, nicolae_vaults_sightless_eye,
          vaults_mumra_chevron_long, layout_vaults_chaotic_city
Vaults:4: v_misc_27, hangedman_vaults_river_flow,
          nicolae_vaults_variable_pillar_hall,
          nicolae_vaults_door_testing_chamber, hangedman_vaults_capsules,
          ontoclasm_vaults_chip, v_misc_25, grunt_vaults_trifunnel,
          nicolae_vaults_double_plus_1, layout_vaults_ring, uniq_jory
Vaults:5: serial_shops
Crypt:1:  layout_misc_corridors, nicolae_nh_vlads_tower, uniq_khufu,
          uniq_josephina
Crypt:2:  layout_gridlike, nicolae_crypt_crumbling_hall, lemuel_upstairs_altar
Crypt:3:  lightli_unholy_cathedral, layout_chaotic_city,
          nicolae_tomb_entry_grand_gallery, basic_altar, uniq_frederick
Depths:1: layout_gridlike, grunt_pan_entry_in_and_out, hell_entry, serial_shops,
          bzr_entry_dummy, minmay_misc_feat_more_columns,
          hangedman_decor_clover_reticule, chequers_serial_rivers_small_b,
          fedhas_altar_2, serial_bayou_shore_b, uniq_sojobo
Depths:2: evilmike_pillar_path, layout_basic, enter_ziggurat_d,
          nicolae_wu_jian_immortal_techniques, hell_entry, serial_shops,
          nicolae_shop_rolling_square, pan_entry,
          nicolae_abyss_entry_one_way_or_another, minmay_shop_star,
          firewood_loft, uniq_mara
Depths:3: dreamdust_tengu_aerie, layout_basic, abyss_entry_crystal,
          roderic_malta_cross, hangedman_geh_valley, nicolae_lava_and_water,
          nicolae_tso_swordbearing_angel, minmay_shop_grove
Depths:4: grunt_zot_entry_funnels, layout_gridville, pan_entry,
          minmay_misc_feat_chi, hell_entry, uniq_mennas, uniq_boris
Hell

Skill      XL: |  1  2  3  4  5  6  7  8  9 10 11 12 13 14 15 16 17 18 19 20 21 22 23 24 25 26 |
---------------+-------------------------------------------------------------------------------+-----
Fighting       | 2 3 4 6 8 10 12 13 14 15 16 17 | 17.0
Throwing       | 2 3 4 8 10 12 | 12.0
Dodging        | 3 5 7 8 9 12 13 14 | 14.0
Stealth        | 2 3 4 6 9 11 12 14 16 | 16.1
Unarmed Combat | 4 5 6 8 9 10 11 13 14 18 19 20 | 20.3
Spellcasting   | 2 5 7 8 9 11 12 13 15 17 18 | 18.0
Evocations     | 4 6 8 11 12 | 12.0
Armour         | 1 4 5 6 9 10 12 | 12.0
Shields        | 2 5 7 8 10 12 14 | 14.0
Translocations | 6 9 10 | 10.0
Hexes          | 5 6 |  6.0

Action                     |  1- 3 |  4- 6 |  7- 9 | 10-12 | 13-15 | 16-18 | 19-21 | 22-24 | 25-27 || total
---------------------------+-------+-------+-------+-------+-------+-------+-------+-------+-------++-------
  Melee: Unarmed           |    99 |   154 |   292 |   529 |  1258 |   789 |  1591 |  1788 |   638 ||  7138
         Bite              |    24 |    51 |   111 |   204 |   450 |   280 |   708 |   879 |   317 ||  3024
         Punch             |     1 |     3 |    11 |    42 |    33 |       |       |       |       ||    90
         Headbutt          |       |       |       |       |       |       |       |    20 |   231 ||   251
  Throw: Throwing net      |       |     1 |     5 |     3 |       |     2 |       |     1 |       ||    12
         Javelin           |       |       |     1 |     2 |     1 |     3 |     2 |       |    12 ||    21
         Dart              |       |       |     6 |    10 |     6 |    35 |     5 |       |       ||    62
         Boomerang         |       |       |       |       |       |    18 |   108 |    16 |    12 ||   154
 Invoke: Oozemancy         |       |       |       |     2 |     4 |     7 |    13 |     3 |     8 ||    37
         Slimify           |       |       |       |       |     3 |     3 |       |     1 |       ||     7
  Evoke: Wand              |       |       |     6 |     2 |    10 |    10 |    11 |     1 |     4 ||    44
         Condenser vane    |       |       |       |       |     3 |     3 |     3 |     1 |     1 ||    11
         Lightning rod     |       |       |       |       |       |       |       |     6 |       ||     6
    Use: Scroll            |     4 |     7 |     2 |     5 |    15 |     6 |     4 |     9 |     7 ||    59
         Potion            |       |       |       |       |     1 |     7 |     4 |       |     1 ||    13
   Stab: Sleeping          |       |       |    14 |     8 |    23 |    29 |    39 |     4 |    10 ||   127
         Distracted        |       |       |       |     5 |     7 |     7 |     8 |     6 |     4 ||    37
         Invisible         |       |       |       |       |     1 |     6 |       |       |     1 ||     8
         Confused          |       |       |       |       |     1 |       |     2 |       |       ||     3
 Armour: Ring mail         |    47 |    58 |    91 |   202 |   411 |     9 |       |       |       ||   818
         Leather armour    |     2 |       |       |       |       |       |       |       |       ||     2
         Scale mail        |       |       |       |       |       |   131 |   276 |   271 |       ||   678
         Plate armour      |       |       |       |       |       |       |       |   217 |   187 ||   404
  Dodge: Dodged            |    60 |    90 |   165 |   292 |   751 |   293 |   673 |   824 |   298 ||  3446
  Block: Other             |       |       |     7 |   107 |    99 |       |       |       |       ||   213
         Reflection        |       |       |       |     3 |    16 |    67 |    87 |    39 |     5 ||   217
         Buckler           |       |       |       |       |   296 |       |       |       |       ||   296
         Kite shield       |       |       |       |       |    77 |   520 |  1150 |   961 |   430 ||  3138

Table legend: (Time is in decaauts)
 A = Elapsed time spent in this place.
 B = Non-inter-level travel time spent in this place.
 C = Inter-level travel time spent in this place.
 D = Time resting spent in this place.
 E = Time spent auto-exploring this place.
 F = Levels seen in this place.
 G = Mean time per level.
                   A        B        C        D        E       F      G
               +--------+--------+--------+--------+--------+-----+--------+
         Total |  61165 |  55727 |   5438 |  11779 |  25449 |  56 | 1092.2 |
       Dungeon |  14362 |  12678 |   1684 |   1854 |   7153 |  15 |  957.5 |
          Lair |   8215 |   7173 |   1042 |   1722 |   3054 |   5 | 1643.0 |
        Shoals |   3688 |   3537 |    151 |    271 |   1964 |   4 |  922.0 |
     Snake Pit |  10039 |   9470 |    569 |   4132 |   2445 |   4 | 2509.8 |
    Slime Pits |    475 |    353 |    122 |      0 |      0 |   5 |   95.0 |
  Orcish Mines |   1713 |   1375 |    338 |    121 |    774 |   2 |  856.5 |
   Elven Halls |   4340 |   4013 |    327 |    731 |   1574 |   3 | 1446.7 |
        Vaults |   6778 |   5894 |    884 |    311 |   3497 |   5 | 1355.6 |
         Crypt |   3597 |   3469 |    128 |    826 |   1456 |   3 | 1199.0 |
        Depths |   4106 |   3916 |    190 |    180 |   2509 |   4 | 1026.5 |
          Hell |     30 |     30 |      0 |      0 |      0 |   1 |   30.0 |
         Abyss |    599 |    599 |      0 |     26 |    279 |   1 |  599.0 |
        Bazaar |     59 |     59 |      0 |      0 |      0 |   1 |   59.0 |
         Sewer |    392 |    392 |      0 |     73 |     90 |   1 |  392.0 |
        Bailey |    310 |    310 |      0 |      0 |    111 |   1 |  310.0 |
      Ice Cave |   2453 |   2453 |      0 |   1528 |    541 |   1 | 2453.0 |
               +--------+--------+--------+--------+--------+-----+--------+

Top non-repeatable levels by time:
 Snake:1: 3972 daAuts
   IceCv: 2453 daAuts
 Snake:3: 2266 daAuts
 Snake:2: 2083 daAuts
  Lair:5: 1996 daAuts
  Lair:3: 1966 daAuts
  Lair:1: 1783 daAuts
 Snake:4: 1717 daAuts
   Elf:3: 1585 daAuts
Vaults:1: 1563 daAuts
   Elf:1: 1455 daAuts
  Lair:2: 1435 daAuts
    D:13: 1408 daAuts
 Crypt:3: 1378 daAuts
Vaults:3: 1377 daAuts
